 Dungeon Crawl Stone Soup version 0.27-a0-1281-ge233d83751 (webtiles) character file.

Game seed: 15616970153707947324

243836 Johnny the Eclecticist (level 19, -12/132 HPs)
             Began as a Deep Elf Earth Elementalist on June 14, 2021.
             Was the Champion of Dithmenos.
             Killed from afar by a quicksilver dragon (49 damage)
             ... with a bolt of dispelling energy
             ... on level 4 of the Snake Pit.
             The game lasted 01:21:32 (44959 turns).

Johnny the Eclecticist (DEEE)                      Turns: 44959, Time: 01:21:33

Health: -12/132    AC: 12    Str:  5    XL:     19   Next: 46%
Magic:  18/54      EV: 12    Int: 29    God:    Dithmenos [******]
Gold:   598        SH: 14    Dex: 22    Spells: 32/58 levels left

rFire    + . .     SeeInvis .   G - staff of earth
rCold    + . .     Faith    .   F - +2 kite shield {AC+3}
rNeg     . . .     Spirit   .   Y - +2 robe {Archmagi}
rPois    +         Reflect  .   t - +1 hat {Stlth+}
rElec    .         Harm     .   I - scarf {rC+ rF+}
rCorr    .         Rampage  .   p - +2 pair of gloves of the Ecumenical Temple {Dex+7}
Will     ++...                  z - +0 pair of boots
Stlth    ++++++....             y - amulet of magic regeneration
HPRegen  0.32/turn              H - ring of magical power
MPRegen  0.59/turn              Z - ring of poison resistance

@: weakened, wreathed by umbra, studying 3 skills
A: horns 1, strong-willed 1
a: Renounce Religion, Shadow Step, Shadow Form


You were on level 4 of the Snake Pit.
You worshipped Dithmenos.
Dithmenos was exalted by your worship.
You visited 7 branches of the dungeon, and saw 32 of its levels.
You also visited: Volcano.

You collected 3681 gold pieces.
You spent 3083 gold pieces at shops.

Inventory:

Missiles
 o - 527 stones
 C - 3 throwing nets
Armour
 c - the +3 tower shield of Ycupuink {rCorr Str+2 Stlth-}
   (You found it on level 11 of the Dungeon)

   It affects your strength (+2).
   It protects you from acid and corrosion.
   It makes you less stealthy.
 j - a +2 helmet of intelligence
 p - the +2 pair of gloves of the Ecumenical Temple (worn) {Dex+7}
   (You found it on level 12 of the Dungeon)

   It affects your dexterity (+7).
 t - a +1 hat of stealth (worn)
 z - a +0 pair of boots (worn)
 D - a +0 buckler of fire resistance
 F - a +2 kite shield of protection (worn)
 I - a scarf of resistance (worn)
 L - a +1 troll leather armour
 Q - the +2 kite shield of the Game of Life {rN+}
   (You took it off a deep elf annihilator on level 3 of the Elven Halls)

   It protects you from negative energy.
 Y - a +2 robe of the Archmagi (worn)
Magical Staves
 G - a staff of earth (weapon)
Jewellery
 m - a +4 ring of protection
 x - the ring of Tocull {Drain +Blink rF+++ MP+9 Str-3}
   (You took it off a deep elf elementalist on level 3 of the Elven Halls)

   [ring of magical power]

   It affects your strength (-3).
   It renders you almost immune to fire.
   It affects your magic capacity (+9).
   It lets you blink.
   It drains your maximum health when unequipped.
 y - an amulet of magic regeneration (around neck)
 H - a ring of magical power (left hand)
 S - a ring of wizardry
 V - an amulet of regeneration
 Z - a ring of poison resistance (right hand)
Wands
 u - a wand of digging (7)
 J - a wand of iceblast (25)
 M - a wand of acid (6)
Scrolls
 d - 14 scrolls of teleportation
 e - 6 scrolls of fog
 i - 2 scrolls of torment
 k - 2 scrolls of summoning
 l - a scroll of noise
 n - 5 scrolls of immolation
 s - 8 scrolls of vulnerability
 v - 5 scrolls of magic mapping
 A - 2 scrolls of holy word
 K - 13 scrolls of identify
 T - a scroll of blinking
 X - 2 scrolls of silence
Potions
 a - 2 potions of attraction
 b - 4 potions of berserk rage
 f - 11 potions of curing
 g - 4 potions of might
 h - 3 potions of resistance
 q - 2 potions of flight
 r - 6 potions of degeneration
 w - 4 potions of haste
 B - a potion of heal wounds
 E - a potion of lignification
 N - 3 potions of ambrosia
 P - 6 potions of mutation
 R - 3 potions of brilliance
 U - 3 potions of magic
Miscellaneous
 O - a box of beasts
 W - a phantom mirror


   Skills:
 * Level 18.9 Fighting
 - Level 2.4 Dodging
 - Level 2.4 Stealth
 + Level 11.6 Shields
 + Level 20.4 Spellcasting
 - Level 1.1 Transmutations
 + Level 17.8 Earth Magic


You had 32 spell levels left.
You knew the following spells:

 Your Spells              Type           Power      Damage    Failure   Level
a - Sandblast             Erth           100%       2d20      0%          1
b - Stone Arrow           Conj/Erth      100%       3d13      1%          3
c - Lee's Rapid Deconstr  Erth           70%        3d33*     1%          5
d - Petrify               Tmut/Erth      100%       N/A       1%          4
e - Bolt of Magma         Conj/Fire/Erth 48%        4d20      4%          5
f - Passwall              Tmut/Erth      94%        N/A       1%          2
g - Iron Shot             Conj/Erth      55%        9d10      8%          6

Your spell library contained the following spells:

 Spells                   Type           Power      Damage    Failure   Level
 Animate Skeleton         Necr           88%        N/A       1%          1
 Apportation              Tloc           88%        N/A       1%          1
 Beastly Appendage        Tmut           100%       N/A       1%          1
 Corona                   Hex            48%        N/A       1%          1
 Foxfire                  Conj/Fire      100%       2x1d9     1%          1
 Magic Dart               Conj           100%       1d8       1%          1
 Summon Small Mammal      Summ           100%       N/A       1%          1
 Wereblood                Tmut           52%        N/A       1%          2
 Call Imp                 Summ           44%        N/A       3%          2
 Corpse Rot               Necr/Air       N/A        N/A       3%          2
 Poisonous Vapours        Pois/Air       88%        N/A       3%          2
 Searing Ray              Conj           88%        3d6       3%          2
 Sublimation of Blood     Necr           22%        N/A       3%          2
 Spider Form              Tmut/Pois      24%        N/A       4%          3
 Call Canine Familiar     Summ           44%        N/A       6%          3
 Conjure Flame            Conj/Fire      44%        6-21      6%          3
 Dazzling Flash           Conj/Hex       88%        N/A       6%          3
 Inner Flame              Hex/Fire       44%        N/A       6%          3
 Mephitic Cloud           Conj/Pois/Air  44%        N/A       6%          3
 Ice Form                 Ice/Tmut       49%        N/A       16%         4
 Animate Dead             Necr           22%        N/A       19%         4
 Dispel Undead            Necr           44%        3d17      19%         4
 Fulminant Prism          Conj/Hex       22%        3d13      19%         4
 Iskenderun's Mystic Bla  Conj/Tloc      44%        2d10      19%         4
 Olgreb's Toxic Radiance  Pois           44%        N/A       19%         4
 Sticky Flame             Conj/Fire      44%        2d6       19%         4
 Summon Ice Beast         Ice/Summ       44%        N/A       19%         4
 Alistair's Intoxication  Tmut/Pois      32%        N/A       41%         5
 Agony                    Necr           44%        N/A       47%         5
 Excruciating Wounds      Necr           22%        N/A       47%         5
 Fireball                 Conj/Fire      22%        3d10      47%         5
 Freezing Cloud           Conj/Ice/Air   22%        6-21      47%         5
 Iskenderun's Battlesphe  Conj           44%        2d10      47%         5
 Summon Forest            Summ/Tloc      22%        N/A       47%         5
 Summon Mana Viper        Hex/Summ       44%        N/A       47%         5
 Eringya's Noxious Bog    Tmut/Pois      24%        N/A       94%         6
 Shadow Creatures         Summ           N/A        N/A       96%         6
 Simulacrum               Ice/Necr       22%        N/A       96%         6
 Dragon Form              Tmut           26%        N/A       100%        7
 Orb of Destruction       Conj           22%        9d9       100%        7
 Ozocubu's Refrigeration  Ice            22%        4d9       100%        7
 Spellforged Servitor     Conj/Summ      22%        N/A       100%        7
 Storm Form               Tmut/Air       24%        N/A       100%        7
 Summon Hydra             Summ           22%        N/A       100%        7


Dungeon Overview and Level Annotations

Branches:
Dungeon (15/15)            Temple (1/1) D:4            Lair (6/6) D:9
  Swamp (1/4) Lair:2        Snake (4/4) Lair:2        Slime (0/5) Lair:5
    Orc (2/2) D:10            Elf (3/3) Orc:2        Vaults (0/5) D:14
 Depths (0/5) D:15        Volcano (visited)

Altars:
Ashenzari
Cheibriados
Dithmenos
Elyvilon
Fedhas
Gozag
Hepliaklqana
Kikubaaqudgha
Makhleb
Nemelex Xobeh
Okawaru
Qazlal
Ru
Sif Muna
Trog
Uskayaw
Vehumet
Wu Jian
Xom
Yredelemnul
Zin
The Shining One
Beogh
Jiyva
Lugonu

Shops:
D:2 ?   D:4 ?   D:5 *   D:8 [   D:10 *   D:14 (   Orc:2 *[=*   Elf:1 ?*[**:[
Elf:2 (   Elf:3 [

Portals:
Abyss: Orc:1
Trove: D:14 (give +4 shadow dragon scales)

Annotations:
Lair:5 1 runed translucent door
Lair:6 1 runed translucent door


Innate Abilities, Weirdness & Mutations

You have a pair of small horns on your head.
You are strong-willed. (Will+)


Message History

You feel a strong surge of power!
The wall shatters!
The blast of rock fragments hits the nagaraja!!
The nagaraja is almost dead.
The nagaraja casts a spell at you. The poison arrow hits you!
You are poisoned.
You partially resist.
Casting: Lee's Rapid Deconstruction (safe; 1% risk of failure)
Confirm with . or Enter, or press ? or * to list all spells.
Aiming: Lee's Rapid Deconstruction (safe; 1% risk of failure)
Press: ? - help, Dir - move target A rock wall.
This square is wreathed by an umbra.
You feel a strong surge of power!
The wall shatters!
The blast of rock fragments hits the nagaraja!!!
You kill the nagaraja!
Dithmenos accepts your kill.
You feel very sick.
You feel sick.
You feel sick.
You feel sick.
You feel sick.
You feel sick.
You feel sick.
You feel sick.
You are no longer poisoned.
There is an open door here.
You close the door.
You start resting.
A naga is nearby!
You open the door.
A quicksilver dragon comes into view.
The quicksilver dragon moves out of view.
There is an open door here.
As you close the door, it creaks loudly!
The quicksilver dragon roars deafeningly!
The quicksilver dragon breathes dispelling energy at you.
The bolt of dispelling energy hits you!!!
Your magical effects are unravelling.
You die...

....#....'.###...#.........).....
....##..##########......#######..
##..#..##...##..}#..#####..#†.'##
##8.#).#..D......####.......)###.
...[).[..........##.......)).###.
...)#.##.........###..........###
.(..####........###...........#.#
##8^.# #.....'#..##...........#.#
#...# #.#######@##.........###.#
......#########+##...........#.#
........ .........#...........#..
..................#....)......#..
................##.######...#..
.N........#.#.#..'#.##..
..........#.'...#.#.##..
.........##.#.....#..#..
.........#..#...#.+..#..


You could see a quicksilver dragon (catching breath).

Vanquished Creatures
  A quicksilver dragon (Snake:4)
  2 deep elf blademasters (Elf:3)
  The ghost of Nomu the Severer, an adept MiBe of Trog (Snake:1)
  The ghost of CryoSword the Brawler, an adept TrWr of the Shining One (Snake:1)
  2 deep elf master archers (Elf:3)
  3 nagarajas (Snake:4)
  5 deep elf sorcerers (Elf:3)
  An orc warlord (Elf:1)
  4 deep elf elementalists
  Nessos (D:14)
  Azrael (D:12)
  11 deep elf annihilators (Elf:3)
  2 deep elf demonologists (Elf:3)
  The ghost of Leupn the Thaumaturge, a journeyman GnSk of Okawaru (Lair:3)
  3 dire elephants
  12 deep elf death magi
  A fire dragon (D:10)
  A deep elf high priest (Elf:3)
  Josephine (Orc:1)
  Erolcha (Orc:1)
  A rakshasa (D:10)
  Harold (D:7)
  6 boulder beetles
  2 salamander tyrants (Snake:4)
  9 naga warriors
  An ogre mage (D:10)
  13 hydras
  5 centaur warriors
  7 anacondas
  The ghost of Lonelite the Thaumaturge, a journeyman DECj of Kikubaaqudgha (Lair:3)
  4 catoblepae
  4 two-headed ogres
  13 death yaks
  23 dancing weapons
  5 orc high priests
  5 shock serpents
  9 naga sharpshooters
  3 large abominations (Elf:1)
  16 deep elf knights
  6 salamander mystics
  A fire crab (shapeshifter) (Elf:1)
  A fire crab (Lair:2)
  3 sea snakes (Snake:3)
  4 naga ritualists
  12 deep elf archers
  A phantasmal warrior (D:12)
  10 orc knights
  3 necromancers
  2 wizards
  9 lindwurms
  28 deep elf zephyrmancers
  2 wolf spiders (D:15)
  16 salamanders
  23 deep elf pyromancers
  8 mana vipers
  4 orc sorcerers
  3 cyclopes
  23 ugly things
  3 manticores
  Joseph (D:9)
  9 naga magi
  6 torpor snails
  24 elephants
  6 guardian serpents
  An elephant (shapeshifter) (D:13)
  2 gargoyles
  13 cane toads
  An ice statue (D:11)
  3 smoke demons (Volcano)
  50 black mambas
  3 kobold demonologists
  8 rime drakes
  A komodo dragon (shapeshifter) (Elf:3)
  2 unseen horrors
  6 komodo dragons
  A tengu conjurer (D:10)
  2 yaktaurs (D:14)
  A jumping spider (shapeshifter) (Elf:2)
  A queen bee (shapeshifter) (D:10)
  11 trolls
  3 meliai (D:14)
  A polar bear (Lair:3)
  Grinder (D:3)
  A polar bear (shapeshifter) (D:15)
  3 tyrant leeches (Lair:6)
  15 dream sheep
  9 hornets
  13 blink frogs
  10 slime creatures (D:15)
  A vampire (D:10)
  A water elemental (Elf:2)
  A spriggan (Lair:2)
  A shadow (D:10)
  A meliai zombie (D:15)
  2 air elementals
  5 wraiths
  48 yaks
  5 basilisks
  2 fire bats (D:12)
  7 fire elementals
  7 wyverns
  4 steam dragons
  10 vampire mosquitoes
  Menkaure (D:6)
  3 acid dragons
  3 wargs
  31 nagas
  15 water moccasins
  8 hell hounds
  A floating eye (shapeshifter) (D:14)
  58 orc warriors
  4 sky beasts
  A meliai simulacrum (D:15)
  9 ice beasts
  A necrophage (D:5)
  4 black bears
  15 wolves
  6 ogres
  19 centaurs
  A phantom (D:7)
  8 kobold brigands
  19 bullfrogs
  2 elf zombies (Elf:1)
  3 scorpions
  3 earth elementals
  A wyvern zombie (D:7)
  A water moccasin skeleton (D:6)
  20 killer bees
  7 howler monkeys
  6 electric eels
  13 wights
  3 jellies
  A bullfrog zombie (D:5)
  5 centaur zombies
  3 centaur skeletons
  2 hounds (D:5)
  2 bullfrog skeletons
  34 orc priests
  Crazy Yiuf (D:3)
  A gnoll shaman (D:6)
  3 iguanas
  30 orc wizards
  3 hell rats
  3 killer bee zombies
  2 howler monkey zombies
  Robin (D:2)
  12 gnolls
  A howler monkey skeleton (D:6)
  8 river rats (Lair:2)
  5 adders
  An ufetubus (D:6)
  3 worms
  8 dart slugs
  88 orcs
  3 bats
  5 endoplasms
  3 giant cockroaches
  16 goblins
  13 hobgoblins
  6 jackals
  7 quokkas
  5 ball pythons
  5 frilled lizards
  20 kobolds
  9 rats
  A lurking horror (Orc:1)
1224 creatures vanquished.

Vanquished Creatures (others)
  A deep elf knight (Elf:2)
  A deep elf archer (Elf:2)
  A deep elf pyromancer (Elf:2)
  A wizard (D:9)
  An orc (Orc:2)
  145 fungi
  167 plants
  12 withered plants
329 creatures vanquished.

Grand Total: 1553 creatures vanquished

Notes
Turn   | Place    | Note
-------+----------+-------------------------------------------
     0 | D:1      | Johnny the Deep Elf Earth Elementalist began the quest for
                  | the Orb.
     0 | D:1      | Reached XP level 1. HP: 10/10 MP: 6/6
   105 | D:1      | Reached skill level 1 in Fighting
   105 | D:1      | Reached XP level 2. HP: 16/16 MP: 4/8
   460 | D:1      | Reached XP level 3. HP: 20/20 MP: 6/10
   538 | D:1      | Found a faded altar of an unknown god.
   887 | D:2      | Learned a level 3 spell: Stone Arrow
  1115 | D:2      | Noticed Robin
  1140 | D:2      | Reached XP level 4. HP: 18/26 MP: 3/11
  1482 | D:2      | Reached skill level 4 in Spellcasting
  1489 | D:2      | Killed Robin
  2273 | D:2      | Found Caken's Magic Scroll Boutique.
  2281 | D:2      | Bought a scroll of identify for 20 gold pieces
  2455 | D:2      | Reached XP level 5. HP: 31/31 MP: 13/13
  2836 | D:3      | Noticed a black bear
  2841 | D:3      | Killed a black bear
  2842 | D:3      | Reached XP level 6. HP: 32/37 MP: 10/15
  3064 | D:3      | Noticed Grinder
  3074 | D:3      | Killed Grinder
  3075 | D:3      | Reached skill level 5 in Spellcasting
  3075 | D:3      | Reached skill level 5 in Earth Magic
  3516 | D:3      | Found a runed translucent door.
  3517 | D:3      | Noticed Crazy Yiuf
  3706 | D:3      | Killed Crazy Yiuf
  3707 | D:3      | Reached XP level 7. HP: 17/43 MP: 9/17
  4039 | D:4      | Found Ferghowa's Magic Scroll Boutique.
  4045 | D:4      | Noticed a yak
  4046 | D:4      | Noticed a yak
  4046 | D:4      | Noticed a yak
  4046 | D:4      | Noticed a yak
  4046 | D:4      | Noticed a yak
  4055 | D:4      | Noticed a yak
  4070 | D:5      | Entered Level 5 of the Dungeon
  4071 | D:5      | Found Ceudimio's Mass Market.
  4300 | D:5      | Reached skill level 6 in Spellcasting
  4668 | D:4      | Bought a scroll of identify for 22 gold pieces
  4668 | D:4      | Bought a scroll of identify for 22 gold pieces
  4668 | D:4      | Bought a scroll of magic mapping for 38 gold pieces
  4726 | D:4      | Reached skill level 5 in Fighting
  5048 | D:5      | Reached XP level 8. HP: 49/49 MP: 12/20
  5276 | D:5      | Reached skill level 7 in Spellcasting
  6299 | D:6      | Reached skill level 8 in Spellcasting
  6448 | D:6      | Reached XP level 9. HP: 56/56 MP: 18/23
  6776 | D:6      | Noticed Menkaure
  7435 | D:6      | Found a faded altar of an unknown god.
  7436 | D:6      | Found a hazy altar of Hepliaklqana.
  7672 | D:6      | Killed Menkaure
  7673 | D:6      | Reached skill level 9 in Spellcasting
  8151 | D:7      | Noticed Harold
  8577 | D:7      | Killed Harold
  8578 | D:7      | Reached skill level 10 in Spellcasting
  8578 | D:7      | Reached XP level 10. HP: 51/65 MP: 9/26
  9377 | D:8      | Found Xasoyci's Armour Emporium.
  9960 | D:8      | Learned a level 5 spell: Lee's Rapid Deconstruction
  9965 | D:8      | Learned a level 4 spell: Petrify
 10066 | D:9      | Found a staircase to the Lair.
 10084 | D:9      | Noticed Joseph
 10877 | D:9      | Reached skill level 11 in Spellcasting
 11028 | D:9      | Found a bloodstained altar of Trog.
 11119 | D:9      | Noticed a two-headed ogre
 11152 | D:9      | Killed a two-headed ogre
 11153 | D:9      | Reached skill level 10 in Fighting
 11323 | D:9      | Noticed a wizard
 11328 | D:9      | Killed a wizard
 11496 | D:9      | Reached XP level 11. HP: 72/72 MP: 6/28
 11653 | D:9      | Found a shimmering altar of Xom.
 11655 | D:9      | Found a sparkling altar of Nemelex Xobeh.
 11714 | D:9      | Killed Joseph
 11715 | D:9      | Reached skill level 10 in Earth Magic
 12117 | D:10     | Entered Level 10 of the Dungeon
 12253 | D:9      | Learned a level 6 spell: Iron Shot
 12260 | D:10     | Found a staircase to the Orcish Mines.
 12465 | D:10     | Found an iron altar of Okawaru.
 12465 | D:10     | Found a hide-covered altar of Uskayaw.
 12500 | D:10     | Found Lorijex's Assorted Antiques.
 12643 | D:10     | Bought a potion of curing for 72 gold pieces
 12717 | D:10     | Found an opulent altar of Gozag.
 12718 | D:10     | Found a radiant altar of Vehumet.
 12719 | D:10     | Found a stormy altar of Qazlal.
 12719 | D:10     | Found a shimmering altar of Xom.
 12748 | D:10     | Noticed a centaur warrior
 12749 | D:10     | Noticed an orc knight
 12749 | D:10     | Noticed a fire dragon
 12753 | D:10     | Killed a centaur warrior
 12756 | D:10     | Killed a fire dragon
 12757 | D:10     | Reached skill level 12 in Spellcasting
 12758 | D:10     | HP: 1/73 [orc knight/bolt (25)]
 12769 | D:10     | Killed an orc knight
 12788 | D:10     | Noticed a four-headed hydra
 12840 | D:10     | Noticed a rakshasa
 12840 | D:10     | Noticed a two-headed ogre
 12853 | D:10     | Killed a two-headed ogre
 12889 | D:10     | Noticed a boulder beetle
 12891 | D:10     | Killed a four-headed hydra
 12895 | D:10     | Noticed a two-headed ogre
 12959 | D:10     | Killed a two-headed ogre
 13184 | D:10     | Identified the +4 broad axe of Distant Shores {freeze,
                  | rC+++ rN+ Dex-4 SInv}
 13184 | D:10     | Noticed an ogre mage
 13216 | D:10     | Noticed a catoblepas
 13236 | D:10     | Killed an ogre mage
 13237 | D:10     | Reached XP level 12. HP: 55/80 MP: 15/30
 13329 | Lair:1   | Entered Level 1 of the Lair of Beasts
 13624 | D:4      | Learned a level 2 spell: Passwall
 13709 | D:4      | Found a staircase to the Ecumenical Temple.
 13722 | Temple   | Entered the Ecumenical Temple
 14342 | Lair:1   | Reached skill level 13 in Spellcasting
 15086 | Lair:1   | Identified a scroll of acquirement
 15087 | Lair:1   | Acquired a +0 kite shield of protection
 15190 | Lair:2   | Reached skill level 1 in Shields
 15199 | Lair:2   | Gained mutation: You are strong-willed. (Will+) [potion of
                  | mutation]
 15199 | Lair:2   | Gained mutation: You have a pair of small horns on your
                  | head. [potion of mutation]
 15203 | Lair:2   | Noticed a death yak
 15204 | Lair:2   | Noticed a death yak
 15204 | Lair:2   | Noticed a death yak
 15290 | Lair:3   | Noticed a death yak
 15291 | Lair:3   | Noticed a death yak
 15291 | Lair:3   | Noticed a death yak
 15291 | Lair:3   | Noticed a death yak
 15496 | Lair:3   | Noticed an eight-headed hydra
 15496 | Lair:3   | Noticed a five-headed hydra
 16011 | Lair:4   | Killed a death yak
 16381 | Lair:4   | Found a shimmering altar of Xom.
 16592 | Lair:5   | Reached skill level 14 in Spellcasting
 16594 | Lair:5   | Reached XP level 13. HP: 66/87 MP: 26/33
 16694 | Lair:5   | Found a runed translucent door.
 16697 | Lair:5   | Found a viscous altar of Jiyva.
 16699 | Lair:5   | Found a staircase to the Slime Pits.
 17176 | Lair:5   | Acquired a staff of earth
 17595 | Lair:6   | Entered Level 6 of the Lair of Beasts
 17610 | Lair:6   | Found a dark tunnel.
 17631 | Volcano  | Entered a volcano
 17937 | Volcano  | Noticed a fire dragon
 18336 | Lair:6   | Reached skill level 5 in Shields
 18425 | Lair:6   | Found a runed translucent door.
 18426 | Lair:6   | Noticed a fire dragon
 18431 | Lair:6   | Reached skill level 15 in Spellcasting
 18539 | Lair:6   | Reached XP level 14. HP: 95/95 MP: 24/35
 20855 | Lair:3   | Found a runed translucent gate.
 20855 | Lair:3   | Found a runed translucent gate.
 20855 | Lair:3   | Found a runed translucent gate.
 20855 | Lair:3   | Noticed Lonelite's ghost (journeyman DECj)
 20855 | Lair:3   | Noticed Leupn's ghost (journeyman GnSk)
 21489 | Lair:3   | Killed Lonelite's ghost
 21496 | Lair:3   | Killed Leupn's ghost
 21497 | Lair:3   | Reached skill level 16 in Spellcasting
 21657 | Lair:2   | Found a staircase to the Snake Pit.
 21826 | Lair:2   | Found a staircase to the Swamp.
 22062 | Lair:2   | Reached XP level 15. HP: 90/101 MP: 6/37
 22730 | Lair:2   | Reached skill level 15 in Fighting
 22941 | Lair:2   | HP: 1/103 [dire elephant (22)]
 23256 | D:4      | Bought 2 scrolls of teleportation for 66 gold pieces
 23256 | D:4      | Bought 3 scrolls of teleportation for 99 gold pieces
 23256 | D:4      | Bought a scroll of immolation for 38 gold pieces
 23256 | D:4      | Bought a scroll of immolation for 38 gold pieces
 23256 | D:4      | Bought a scroll of teleportation for 33 gold pieces
 23256 | D:4      | Bought a scroll of teleportation for 33 gold pieces
 23322 | D:2      | Bought a scroll of identify for 20 gold pieces
 23322 | D:2      | Bought a scroll of immolation for 35 gold pieces
 23322 | D:2      | Bought a scroll of identify for 20 gold pieces
 23322 | D:2      | Bought a scroll of identify for 20 gold pieces
 23322 | D:2      | Bought a scroll of summoning for 95 gold pieces
 23322 | D:2      | Bought a scroll of magic mapping for 35 gold pieces
 23853 | Orc:1    | Entered Level 1 of the Orcish Mines
 23859 | Orc:1    | Noticed Erolcha
 23901 | Orc:1    | Killed Erolcha
 24017 | Orc:1    | Found a one-way gate to the infinite horrors of the Abyss.
 24018 | Orc:1    | Found a corrupted altar of Lugonu.
 24412 | Orc:1    | Noticed Josephine
 24420 | Orc:1    | Killed Josephine
 24501 | Orc:1    | Learned a level 5 spell: Bolt of Magma
 24798 | Orc:2    | Entered Level 2 of the Orcish Mines
 25478 | Orc:2    | Found a radiant altar of Vehumet.
 26053 | Orc:2    | Found Fun Amap's Armour Emporium.
 26053 | Orc:2    | Found Voan's Jewellery Shop.
 26055 | Orc:2    | Found Mappidit's General Store.
 26057 | Orc:2    | Found Nas Zunu's General Store.
 26063 | Orc:2    | Bought a scroll of identify for 30 gold pieces
 26063 | Orc:2    | Bought a potion of curing for 45 gold pieces
 26063 | Orc:2    | Bought a potion of brilliance for 60 gold pieces
 26063 | Orc:2    | Bought a scroll of fear for 52 gold pieces
 26068 | Orc:2    | Bought a scroll of identify for 30 gold pieces
 26068 | Orc:2    | Bought a scroll of blinking for 112 gold pieces
 26068 | Orc:2    | Bought a scroll of identify for 30 gold pieces
 26068 | Orc:2    | Bought a scroll of identify for 30 gold pieces
 26068 | Orc:2    | Bought a potion of magic for 120 gold pieces
 26335 | Orc:2    | Found a staircase to the Elven Halls.
 26606 | D:10     | Found a shadowy altar of Dithmenos.
 26815 | D:10     | Identified Woca's Volume of the Entourage and Conjuration
 27153 | D:11     | You fall into a shaft and drop 1 floor!
 27158 | D:12     | Noticed Azrael
 27169 | D:12     | Killed Azrael
 27544 | D:12     | Reached skill level 17 in Spellcasting
 27746 | D:12     | Found a transporter.
 27873 | D:12     | Found a transporter.
 28109 | D:12     | Identified the +2 pair of gloves of the Ecumenical Temple
                  | {Dex+7}
 28628 | D:13     | Reached skill level 15 in Earth Magic
 28628 | D:13     | Reached XP level 16. HP: 110/110 MP: 37/39
 29132 | D:14     | Found Ocwy's Weapon Boutique.
 29152 | D:14     | Found a portal to a secret trove of treasure.
 29406 | D:14     | Noticed Nessos
 29409 | D:14     | Killed Nessos
 30514 | D:11     | Identified the +3 tower shield of Ycupuink {rCorr Str+2
                  | Stlth-}
 30518 | D:11     | Identified the +7 hand crossbow "Johnny's Doom" {venom,
                  | rElec Str-5 SInv}
 30785 | D:10     | Found a glowing silver altar of Zin.
 30785 | D:10     | Found a snail-covered altar of Cheibriados.
 30790 | D:10     | Became a worshipper of Dithmenos the Shadowed
 31291 | D:14     | Found a gate to the Vaults.
 31584 | D:15     | Entered Level 15 of the Dungeon
 32071 | D:15     | Found a glowing silver altar of Zin.
 32127 | D:15     | Reached * piety under Dithmenos
 32503 | D:15     | Found a staircase to the Depths.
 33135 | Elf:1    | Entered Level 1 of the Elven Halls
 33323 | Elf:1    | Found Qoklivet's Armour Boutique.
 33521 | Elf:1    | Reached skill level 18 in Spellcasting
 33530 | Elf:1    | Reached ** piety under Dithmenos
 34184 | Elf:1    | Found Gacouw's Assorted Antiques.
 34188 | Elf:1    | Found Lef Pesh's General Store.
 34188 | Elf:1    | Found Caotsiy's Antique Armour Emporium.
 34345 | Elf:1    | Reached XP level 17. HP: 94/116 MP: 37/41
 34534 | Elf:1    | Found Feciwk's Magic Scroll Shoppe.
 34539 | Elf:1    | Reached *** piety under Dithmenos
 34556 | Elf:1    | Bought a scroll of enchant armour for 142 gold pieces
 34556 | Elf:1    | Bought a scroll of magic mapping for 66 gold pieces
 34556 | Elf:1    | Bought a scroll of teleportation for 57 gold pieces
 34695 | Elf:1    | Identified the Volume of Black Rituals
 34761 | Elf:1    | Found Roupsich's General Store.
 34774 | Elf:1    | Bought a scroll of magic mapping for 133 gold pieces
 34774 | Elf:1    | Bought a scroll of blinking for 285 gold pieces
 34774 | Elf:1    | Bought a potion of heal wounds for 190 gold pieces
 34780 | Elf:1    | Bought a potion of magic for 120 gold pieces
 34780 | Elf:1    | Bought a scroll of enchant armour for 112 gold pieces
 34891 | Elf:1    | Found Nairuyfy's Book Boutique.
 35276 | Elf:2    | Found Onnapn's Weapon Emporium.
 35420 | Elf:2    | Paralysed by an air elemental for 1 turns
 35467 | Elf:2    | Found a runed translucent gate.
 35467 | Elf:2    | Found a runed translucent gate.
 35569 | Elf:2    | Found a runed translucent gate.
 35828 | Elf:2    | Reached **** piety under Dithmenos
 36284 | Elf:2    | Reached skill level 10 in Shields
 36646 | Elf:3    | Entered Level 3 of the Elven Halls
 36705 | Elf:3    | Found Ane Zaju's Armour Boutique.
 37259 | Elf:3    | Reached ***** piety under Dithmenos
 37260 | Elf:3    | Reached skill level 19 in Spellcasting
 37794 | Elf:3    | Reached XP level 18. HP: 40/124 MP: 8/43
 38139 | Elf:3    | Identified the +8 great mace "Ogre's Death Toll" {venom,
                  | *Rage rPois rN++ Int+3}
 38139 | Elf:3    | Identified the ring of Tocull {Drain +Blink rF+++ MP+9
                  | Str-3}
 38413 | Elf:3    | Identified the +1 leather armour of Aweemeyf {rElec rPois
                  | rN++ Str-5}
 38413 | Elf:3    | Identified the ring "Myrphyw" {Fire Will+ Dex+2 Slay+2
                  | Stlth+}
 38420 | Elf:3    | Identified the +5 morningstar "Iczysirro" {vorpal, *Noise
                  | +Blink Dex+4 Stlth+}
 38420 | Elf:3    | Identified the +2 kite shield of the Game of Life {rN+}
 38481 | Elf:3    | Identified the +10 spear "Botil" {drain, Fragile rC++ rN+}
 38543 | Elf:3    | Identified the +2 lajatang "Lorem Ipsum" {flame, rF+ Will+
                  | rCorr}
 38596 | Elf:3    | Found the +6 arbalest "Damnation" {damnation}
 38613 | Elf:3    | Identified The Intricacies of Sorcery
 38647 | Elf:3    | Identified Beohoperr's Catalogue of Poison
 38854 | Elf:3    | Bought a +1 robe of the Archmagi for 523 gold pieces
 38973 | Orc:2    | Bought a ring of poison resistance for 240 gold pieces
 39114 | Swamp:1  | Entered Level 1 of the Swamp
 39153 | Snake:1  | Entered Level 1 of the Snake Pit
 39885 | Snake:1  | Found a runed translucent gate.
 39886 | Snake:1  | Found a runed translucent gate.
 39887 | Snake:1  | Found a runed translucent gate.
 39888 | Snake:1  | Noticed CryoSword's ghost (adept TrWr)
 39889 | Snake:1  | Noticed Nomu's ghost (adept MiBe)
 40145 | Snake:1  | Killed Nomu's ghost
 40167 | Snake:1  | Killed CryoSword's ghost
 40256 | Snake:1  | Identified the Papyrus of Snow and the Volcanoes
 41804 | Snake:3  | Reached skill level 20 in Spellcasting
 42014 | Snake:3  | Reached XP level 19. HP: 131/131 MP: 44/45
 43028 | Snake:4  | Entered Level 4 of the Snake Pit
 44579 | Snake:4  | Found the +8 demon blade "Leech" {vamp, *Rage +Rage rN+}
 44656 | Snake:4  | Reached ****** piety under Dithmenos
 44959 | Snake:4  | Killed from afar by a quicksilver dragon

Illustrated notes

Levels and vault maps discovered:
D:1:      dpeg_arrival_chambers_temple_mockup, layout_rooms,
          shapermc_ecumenical_altar_mp_highgroup
D:2:      minmay_skewed_foursquare, layout_basic, serial_shops, shop, uniq_robin
D:3:      layout_loops_ring, uniq_grinder, uniq_crazy_yiuf_cottage
D:4:      layout_basic, minmay_temple_entry_poolview, serial_shops, shop,
          minivault_14, item_on_display_b
D:5:      layout_basic, grunt_ministairs_2, minmay_shop_mass,
          kennysheep_generic_room_3
D:6:      layout_basic, beargit_hepliaklqana_dungeon_heroes, minmay_manual_mess,
          uniq_menkaure
D:7:      layout_layer_cave, uniq_harold
D:8:      layout_loops_cross, serial_shops, nicolae_shop_statue_plus
D:9:      layout_stronghold, trog_wizard, minitemple,
          due_lair_maze_entry_diamond, serial_bayou_lagoon_a,
          serial_bayou_pond_b, minivault_23, hangedman_decor_points, uniq_joseph
D:10:     minmay_the_grid_octo_2x2 [minmay_the_grid_octo_clover_2,
          minmay_the_grid_octo_shrine, minmay_the_grid_octo_teeth,
          minmay_the_grid_octo_prize_star], layout_rooms,
          nicolae_overflow_hidden_temple, david_orc_2, serial_shops,
          nicolae_shop_overgrown_old_shop
D:11:     statuecave_lemuel, layout_long_grid
D:12:     gammafunk_cloud_chamber, layout_cave_pools, special_room
          [special_room_orc], kennysheep_just_a_vault, uniq_azrael
D:13:     layout_rooms
D:14:     layout_long_grid, hangedman_vaults_entry_quadrant_bands,
          nicolae_trove_entry_columns, serial_shops, shop, uniq_nessos
D:15:     grunt_enter_depths_magical_seal, layout_gridville, zin_academy
Temple:   cyrus_circular_temple
Lair:1:   layout_cave_shapes
Lair:2:   mu_elephants_graveyard, layout_cave_shapes, minmay_swamp_entry_eels,
          dummy_snake_entry, kennysheep_rathole
Lair:3:   layout_cave_pods, gammafunk_ghost_cemetery
Lair:4:   layout_loops_ring, basic_altar, minivault_23
Lair:5:   layout_gridlike, slime_altar_2, st_stairs_13,
          infiniplex_staircase_pool
Lair:6:   hangedman_lair_in_review, layout_big_grid, wormcave,
          nicolae_volcano_entry_lava_flow, portal_ice_cave_entry_ice_beasts,
          lemuel_fruit_fields
Swamp:1:  layout_basic_swamp, evilmike_swamp_ruin_house_3,
          infiniplex_staircase_pool_2, uniq_frances
Snake:1:  layout_rooms, gammafunk_ghost_cemetery
Snake:2:  layout_misc_corridors
Snake:3:  layout_onion, serial_bayou_shore_a, grunt_megastairs_2
Snake:4:  hellmonk_snake_rune_quicksilver_temple, layout_cave_town
Orc:1:    layout_caves, amcnicky_altar_lugonu_corruption, uniq_josephine,
          uniq_erolcha
Orc:2:    st_orc_rangers, layout_caves, basic_altar
Elf:1:    eino_elf_arrival_sip, layout_geoelf_grid, serial_shops,
          nicolae_shop_trees, nicolae_shop_crystal, shop, special_room
          [special_room_orc], minmay_elf_necromancy, minmay_shoptagon
Elf:2:    layout_rooms, serial_shops, shop, lemuel_flamethrower_hall
Elf:3:    grunt_elf_hall_asides, layout_loops_corners, serial_shops, shop

Skill      XL: |  1  2  3  4  5  6  7  8  9 10 11 12 13 14 15 16 17 18 |
---------------+-------------------------------------------------------+-----
Fighting       | 1 2 3 4 5 6 8 10 11 12 13 14 15 16 17 18 | 18.9
Earth Magic    | 4 5 6 7 8 9 11 12 13 14 15 16 17 | 17.8
Spellcasting   | 4 5 6 8 10 11 12 14 15 16 17 18 19 20 | 20.4
Shields        | 3 5 6 8 9 10 11 | 11.6
Dodging        | |  2.4
Stealth        | |  2.4
Transmutations | |  1.1

Action                   |  1- 3 |  4- 6 |  7- 9 | 10-12 | 13-15 | 16-18 | 19-21 || total
-------------------------+-------+-------+-------+-------+-------+-------+-------++-------
Melee: Unarmed           |     1 |       |       |       |       |       |       ||     1
       Dagger            |     6 |    31 |    72 |    53 |       |       |       ||   162
       Short sword       |       |    51 |       |       |       |       |       ||    51
       Broad axe         |       |       |       |    36 |     1 |       |       ||    37
       Headbutt          |       |       |       |     1 |     5 |     8 |       ||    14
       Staff             |       |       |       |       |    60 |    30 |     1 ||    91
 Cast: Sandblast         |    54 |    42 |    58 |   109 |   181 |    39 |     3 ||   486
       Stone Arrow       |     4 |     6 |    82 |   188 |   490 |    46 |       ||   816
       Lee's Rapid Decon |       |       |       |    61 |   186 |   275 |    19 ||   541
       Petrify           |       |       |       |     4 |    39 |     3 |     1 ||    47
       Passwall          |       |       |       |     2 |       |       |       ||     2
       Bolt of Magma     |       |       |       |       |     7 |   281 |   114 ||   402
       Iron Shot         |       |       |       |       |       |    22 |     3 ||    25
Evoke: Wand              |       |       |     6 |    14 |    16 |     2 |     1 ||    39
       Box of beasts     |       |       |       |       |       |     1 |       ||     1
       Phantom mirror    |       |       |       |       |       |     1 |       ||     1
  Use: Scroll            |       |     3 |     7 |    14 |    11 |    11 |     4 ||    50
       Potion            |       |       |       |     9 |     1 |     2 |     1 ||    13
 Stab: Sleeping          |       |     6 |     1 |     5 |     1 |       |       ||    13
Armor: Robe              |     7 |    12 |     6 |       |       |    17 |    19 ||    61
       Leather armour    |       |       |    34 |    34 |       |       |       ||    68
       Troll leather arm |       |       |       |    45 |   214 |   119 |       ||   378
       Skin              |       |       |       |    19 |       |       |       ||    19
Dodge: Dodged            |    25 |    82 |   112 |   262 |   309 |   134 |    29 ||   953
Block: Kite shield       |       |       |       |     5 |   250 |   200 |    45 ||   500

Table legend: (Time is in decaauts)
 A = Elapsed time spent in this place.
 B = Non-inter-level travel time spent in this place.
 C = Inter-level travel time spent in this place.
 D = Time resting spent in this place.
 E = Time spent auto-exploring this place.
 F = Levels seen in this place.
 G = Mean time per level.
                   A        B        C        D        E       F      G
               +--------+--------+--------+--------+--------+-----+--------+
         Total |  45133 |  42034 |   3099 |  11735 |  22223 |  33 | 1367.7 |
       Dungeon |  21436 |  19465 |   1971 |   5056 |  11062 |  15 | 1429.1 |
        Temple |     55 |     45 |     10 |      0 |     44 |   1 |   55.0 |
          Lair |   8949 |   8376 |    573 |   1848 |   4691 |   6 | 1491.5 |
         Swamp |      1 |      0 |      1 |      0 |      0 |   1 |    1.0 |
     Snake Pit |   5609 |   5533 |     76 |   1790 |   2953 |   4 | 1402.2 |
  Orcish Mines |   2799 |   2566 |    233 |    880 |   1016 |   2 | 1399.5 |
   Elven Halls |   5753 |   5521 |    232 |   2056 |   2341 |   3 | 1917.7 |
       Volcano |    527 |    527 |      0 |    105 |    116 |   1 |  527.0 |
               +--------+--------+--------+--------+--------+-----+--------+

Top non-repeatable levels by time:
     D:9: 2343 daAuts
   Elf:1: 2147 daAuts
   Elf:3: 2107 daAuts
  Lair:2: 1948 daAuts
  Lair:6: 1942 daAuts
 Snake:4: 1930 daAuts
     D:5: 1838 daAuts
     D:2: 1803 daAuts
    D:10: 1675 daAuts
     D:6: 1664 daAuts
 Snake:3: 1664 daAuts
  Lair:3: 1589 daAuts
     D:7: 1548 daAuts
   Orc:1: 1542 daAuts
   Elf:2: 1498 daAuts
